 Dungeon Crawl Stone Soup version 0.31-a0-145-g046c7d2549 (webtiles) character file.

Game seed: 10100891104540962503

746 Whirlpool the Caller (level 7, -5/36 HPs)
             Began as a Deep Elf Summoner on June 6, 2023.
             Was a Plaything of Xom.
             Killed by an exploding themself (26 damage)
             ... ignited by their inner flame
             ... on level 6 of the Dungeon.
             The game lasted 01:09:19 (7298 turns).

Whirlpool the Caller (Deep Elf Summoner)            Turns: 7298, Time: 01:09:20

Health: -5/36      AC:  5    Str:  5    XL:     7   Next: 48%
Magic:  9/16       EV: 17    Int: 22    God:    Xom [..*...]
Gold:   10         SH:  0    Dex: 13    Spells: 3/17 levels left

rFire   . . .        i - +1 short sword (holy)
rCold   . . .        (no shield)
rNeg    . . .        r - +0 robe {?}
rPois   +            A - +1 hat
rElec   .            o - +0 cloak {Will+}
rCorr   .            (no gloves)
SInv    .            (no boots)
Will    ++...        (no amulet)
Stlth   ++           n - +5 ring of evasion
HPRegen 0.26/turn    (no ring)
MPRegen 0.15/turn

%: clarity
@: no status effects
A: clarity, clumsy 1, low MP 1, strong-willed 1, poison resistance, shaggy fur
1, wild magic 1
a: Renounce Religion


You were on level 6 of the Dungeon.
You worshipped Xom.
You were a toy of Xom.
You visited 2 branches of the dungeon, and saw 7 of its levels.

You collected 235 gold pieces.
You spent 225 gold pieces at shops.

Inventory:

Hand Weapons
 i - a +1 short sword of holy wrath (weapon)
 y - a +0 triple crossbow
 z - a +0 quarterstaff
Armour
 e - a +0 leather armour
 j - a +0 scale mail
 o - a +0 cloak of willpower (worn)
 r - a +0 robe (worn) {?}
 A - a +1 hat (worn)
Magical Staves
 f - a staff of conjuration
 p - a staff of fire
Jewellery
 n - a +5 ring of evasion (left hand)
Wands
 s - a wand of polymorph (12)
Scrolls
 c - a scroll of immolation {unknown}
 g - 2 scrolls of poison
 h - 2 scrolls of identify
 m - a scroll of enchant armour {unknown}
 t - a scroll of teleportation {unknown}
 u - a scroll of vulnerability {unknown}
 v - a scroll of noise {unknown}
 w - 3 scrolls of magic mapping
 x - 2 scrolls of fear
Potions
 a - 3 potions of cancellation
 b - a potion of magic
 d - 2 potions of curing
 k - 3 potions of heal wounds
 l - a potion of berserk rage {unknown}
 q - 2 potions of lignification
 B - 2 potions of brilliance {unknown}


   Skills:
 - Level 1.0 Armour
 - Level 3.0 Dodging
 - Level 3.0 Stealth
 + Level 5.9 Spellcasting
 * Level 3.7 Conjurations
 - Level 2.0 Hexes
 + Level 6.1 Summonings
 * Level 3.4 Fire Magic
 - Level 2.0 Evocations


You had 3 spell levels left.
You knew the following spells:

 Your Spells              Type           Power      Damage    Failure   Level
a - Call Imp              Summ           86%        N/A       2%          2
b - Call Canine Familiar  Summ           43%        N/A       4%          3
c - Slow                  Hex            76%        N/A       7%          1
d - Fireball              Conj/Fire      14%        3d8       61%         5
e - Summon Guardian Gole  Hex/Summ       31%        N/A       9%          3

Your spell library contained the following spells:

 Spells                   Type           Power      Damage    Failure   Level
 Summon Small Mammal      Summ           100%       N/A       1%          1
 Momentum Strike          Conj/Tloc      38%        3d9       11%         2
 Confusing Touch          Hex            19%        N/A       17%         3
 Blink                    Tloc           16%        N/A       21%         2
 Lesser Beckoning         Tloc           16%        N/A       21%         2
 Vampiric Draining        Necr           8%         2d6       36%         3
 Summon Lightning Spire   Summ/Air       25%        N/A       34%         4
 Iskenderun's Battlesphe  Conj           29%        2d8       58%         5
 Conjure Ball Lightning   Conj/Air       9%         3x3d6     100%        6
 Orb of Destruction       Conj           14%        9d7       100%        7
 Discord                  Hex            9%         N/A       100%        8
 Disjunction              Tloc           4%         N/A       100%        8


Dungeon Overview and Level Annotations

Branches:
Dungeon (6/15)             Temple (1/1) D:4

Altars:
Ashenzari
Cheibriados
Elyvilon
Fedhas
Gozag
Hepliaklqana
Kikubaaqudgha
Okawaru
Qazlal
Sif Muna
Uskayaw
Vehumet
Xom
Yredelemnul
Zin
The Shining One

Shops:
D:4 [


Innate Abilities, Weirdness & Mutations

You possess an exceptional clarity of mind.
You are clumsy. (Dex -2)
Your magical capacity is low. (-10% MP)
You are strong-willed. (Will+)
Your system is resistant to poisons. (rPois)
You are covered in fur. (AC +1)
Your spells are a little harder to cast, but a little more powerful.


Message History

Flame seeps out of your guardian golem.
Your cerulean imp barely misses the gnoll bouda.
Your guardian golem is engulfed in blazing flames.
Flame seeps out of your guardian golem.
Your hound bites the gnoll bouda.
The gnoll bouda attacks as you move away!
The gnoll bouda hits you with a +0 club.
Your hound bites the gnoll bouda but does no damage.
Your cerulean imp hits the gnoll bouda but does no damage.
Your guardian golem is engulfed in blazing flames.
Flame seeps out of your guardian golem.
The gnoll hits your hound with a +0 halberd!
Flame seeps out of your guardian golem.
Things that are here:
a +0 leather armour; a +0 whip
Casting: Slow (safe; 7% risk of failure)
Confirm with . or Enter, or press ? or * to list all spells.
You don't know that spell.
Unknown command.
What are your orders? t - Shout!
Orders for allies: a - Attack new target. p - Attack previous target. r - Retreat! s - Stop attacking. g - Guard the area. f - Follow me.
Anything else - Cancel.
Gang up on whom?
Press: ? - help, Dir - move target, f - gnoll bouda, p - gnoll
Aim: a gnoll bouda, wielding a +0 club and wearing a +0 robe (almost dead, ally target) Attack!
Your hound bites the gnoll bouda but does no damage.
The gnoll bouda mumbles some strange prayers to its god.
The gnoll bouda is healed somewhat.
Your cerulean imp hits the gnoll bouda but does no damage.
Your hound bites the gnoll bouda.
Your guardian golem is engulfed in blazing flames.
Your guardian golem disappears in a puff of smoke!
Your guardian golem explodes!
The fiery explosion engulfs you!!
Ouch! That really hurt!
You die...
Xom thinks this is hilarious!

# .# #.# .... #
######....
####.##........
...>..[.)).#
#@§#.# #g°#.#
#h§#.##
#5g.<.####
#......(....
##...>######
#.#.## #.#.#
#.#.#


You could see a gnoll bouda (distracted, ally target), a gnoll (swift), a
friendly hound (summoned, sheltered) and a friendly cerulean imp (summoned,
sheltered, weak).

Vanquished Creatures
  A jelly (D:4)
  A hound (D:4)
  A gnoll (D:3)
  An adder (D:2)
  A ball python (D:4)
  A giant cockroach (D:2)
  5 bats
  2 rats
13 creatures vanquished.

Vanquished Creatures (collateral kills)
  A phantom (D:5)
  A howler monkey (D:5)
  4 hounds
  2 jellies (D:5)
  2 iguanas
  An orc wizard (D:6)
  A sleepcap (D:6)
  6 adders
  5 gnolls
  A white imp (D:6)
  A worm (D:2)
  2 dart slugs
  6 orcs
  6 endoplasms
  5 giant cockroaches
  5 hobgoblins
  4 jackals (D:1)
  10 kobolds
  2 quokkas (D:1)
  5 ball pythons
  A bat (D:1)
  A frilled lizard (D:1)
  9 goblins
  4 rats
85 creatures vanquished.

Vanquished Creatures (others)
  2 orc priests (D:6)
2 creatures vanquished.

Grand Total: 100 creatures vanquished

Notes
Turn   | Place    | Note
-------+----------+-------------------------------------------
     0 | D:1      | Whirlpool the Deep Elf Summoner began the quest for the
                  | Orb.
     0 | D:1      | Reached XP level 1. HP: 10/10 MP: 6/6
   307 | D:1      | Reached XP level 2. HP: 14/15 MP: 5/8
  1043 | D:1      | Reached XP level 3. HP: 19/19 MP: 7/10
  1257 | D:1      | Found a faded altar of an unknown god.
  1271 | D:1      | Prayed at the altar of an unknown god.
  1271 | D:1      | Became a worshipper of Xom of Chaos
  1288 | D:1      | XOM: silly message
  1435 | D:1      | XOM: divination: detect creatures
  1464 | D:1      | XOM: silly message
  1586 | D:2      | XOM: god gift: book of Chaos
  1616 | D:2      | Learned a level 2 spell: Call Imp
  1637 | D:2      | Reached skill level 5 in Summonings
  1641 | D:2      | Learned a level 3 spell: Call Canine Familiar
  2136 | D:2      | Reached XP level 4. HP: 24/24 MP: 9/12
  2406 | D:2      | XOM: god gift: 48 gold pieces
  2526 | D:4      | XOM: noise
  2715 | D:2      | XOM: give mutations
  2715 | D:2      | Gained mutation: You possess an exceptional clarity of
                  | mind. [Xom's grace]
  2715 | D:2      | Gained mutation: You are somewhat resistant to further
                  | mutation. [Xom's grace]
  2863 | D:3      | Found a glowing golden altar of the Shining One.
  2922 | D:3      | Reached skill level 1 in Conjurations
  3271 | D:3      | Reached XP level 5. HP: 28/28 MP: 11/14
  3531 | D:3      | XOM: give mutations
  3531 | D:3      | Lost mutation: You are somewhat resistant to further
                  | mutation. [Xom's mischief]
  3531 | D:3      | Gained mutation: You are clumsy. (Dex -2) [Xom's mischief]
  3531 | D:3      | Gained mutation: You occasionally lose the ability to read
                  | scrolls when taking damage. [Xom's mischief]
  3561 | D:3      | XOM: give mutations
  3561 | D:3      | Gained mutation: Your spells are a little harder to cast,
                  | but a little more powerful. [Xom's grace]
  3561 | D:3      | Gained mutation: You are robust. (+10% HP) [Xom's grace]
  3561 | D:3      | Gained mutation: You are strong-willed. (Will+) [Xom's
                  | grace]
  3561 | D:3      | Gained mutation: You are resistant to electric shocks.
                  | (rElec) [Xom's grace]
  3807 | D:3      | XOM: cloud trail
  3838 | D:3      | XOM: divination: detect creatures
  3874 | D:4      | XOM: divination: detect creatures
  3920 | D:4      | XOM: noise
  3928 | D:4      | Found a staircase to the Ecumenical Temple.
  3960 | D:4      | Found a snail-covered altar of Cheibriados.
  4013 | D:4      | Reached skill level 1 in Fire Magic
  4013 | D:4      | Reached skill level 1 in Evocations
  4057 | D:4      | Found Berik's Armour Boutique.
  4076 | D:4      | Bought a +0 cloak of willpower for 115 gold pieces
  4261 | D:4      | XOM: silly message
  4293 | D:4      | Reached skill level 5 in Spellcasting
  4374 | D:4      | Reached XP level 6. HP: 35/35 MP: 15/15
  4474 | D:4      | XOM: divination: detect creatures
  4487 | D:4      | Reached skill level 1 in Armour
  4539 | D:4      | Learned a level 1 spell: Slow
  4545 | D:4      | Learned a level 5 spell: Fireball
  4547 | D:4      | XOM: silly message
  4644 | D:4      | XOM: polymorph wolf -> steam dragon
  4711 | D:4      | XOM: 11-stop teleportation journey
  4818 | Temple   | Entered the Ecumenical Temple
  4849 | D:4      | XOM is BORED!
  4849 | D:4      | XOM: polymorph cerulean imp -> crimson imp
  5143 | D:4      | XOM: polymorph cerulean imp -> crimson imp
  5426 | D:4      | XOM: give mutation
  5426 | D:4      | Lost mutation: You are robust. (+10% HP) [Xom's mischief]
  5528 | Temple   | XOM: 2-stop teleportation journey
  5721 | D:4      | XOM: stat loss: -1 Int (21/22)
  5852 | D:5      | XOM: stealth player
  5852 | D:5      | Entered Level 5 of the Dungeon
  5962 | D:5      | Reached skill level 1 in Hexes
  5975 | D:5      | XOM: give mutation
  5975 | D:5      | Gained mutation: Your system is resistant to poisons.
                  | (rPois) [Xom's mischief]
  6164 | D:4      | XOM: silly message
  6455 | D:4      | XOM: divination: magic mapping
  6491 | D:4      | Bought a +1 hat for 110 gold pieces
  6775 | D:5      | Reached XP level 7. HP: 36/36 MP: 17/17
  6787 | D:5      | Learned a level 3 spell: Summon Guardian Golem
  7193 | D:6      | Reached skill level 6 in Summonings
  7243 | D:5      | XOM: give mutations
  7243 | D:5      | Lost mutation: You are resistant to electric shocks.
                  | (rElec) [Xom's mischief]
  7243 | D:5      | Gained mutation: Your magical capacity is low. (-10% MP)
                  | [Xom's mischief]
  7243 | D:5      | Gained mutation: You are covered in fur. (AC +1) [Xom's
                  | mischief]
  7243 | D:5      | Lost mutation: You occasionally lose the ability to read
                  | scrolls when taking damage. [Xom's mischief]
  7298 | D:6      | Killed by an exploding themself... ignited by their inner
                  | flame

Illustrated notes

Levels and vault maps discovered:
D:1:      dpeg_arrival_subterranean_lakeside_camping, layout_loops_corners,
          shapermc_ecumenical_altar_pompeii
D:2:      layout_rooms
D:3:      minmay_inner_zag, layout_basic, lemuel_tele_altar, bh_walls_and_bars
D:4:      layout_gridville, mainiacjoe_overflow_cross_hatched,
          minmay_temple_entry_crystal_x, serial_shops,
          nicolae_shop_tiny_real_fake_doors,
          nicolae_concentric_dashed_squares_mild, nicolae_elevator_lobby_plus
D:5:      layout_basic
D:6:      layout_loops_ring, nicolae_wu_jian_wuxing_cycle
Temple:   eino_temple_water

Skill      XL: |  1  2  3  4  5  6  7 |
---------------+----------------------+-----
Spellcasting   | 4 5 |  5.9
Summonings     | 5 6 |  6.1
Stealth        | 3 |  3.0
Dodging        | 3 |  3.0
Conjurations   | 1 2 3 |  3.7
Fire Magic     | 1 2 3 |  3.4
Evocations     | 1 2 |  2.0
Armour         | 1 |  1.0
Hexes          | 2 |  2.0

Action                     |  1- 3 |  4- 6 |  7- 9 || total
---------------------------+-------+-------+-------++-------
  Melee: Unarmed           |    15 |       |       ||    15
         Short sword       |    13 |    37 |     3 ||    53
         Dagger            |     1 |       |       ||     1
   Cast: Summon Small Mamm |    60 |       |       ||    60
         Call Imp          |     6 |    28 |     3 ||    37
         Call Canine Famil |     2 |    18 |     2 ||    22
         Slow              |       |       |     4 ||     4
         Summon Guardian G |       |       |     2 ||     2
    Use: Scroll            |     1 |     7 |       ||     8
   Stab: Distracted        |     2 |     2 |       ||     4
 Armour: Robe              |    11 |       |       ||    11
         Leather armour    |     3 |     7 |       ||    10
  Dodge: Dodged            |    27 |    50 |    11 ||    88

Table legend: (Time is in decaauts)
 A = Elapsed time spent in this place.
 B = Non-inter-level travel time spent in this place.
 C = Inter-level travel time spent in this place.
 D = Time resting spent in this place.
 E = Time spent auto-exploring this place.
 F = Levels seen in this place.
 G = Mean time per level.
                   A        B        C        D        E       F      G
               +--------+--------+--------+--------+--------+-----+--------+
         Total |   7301 |   7298 |      3 |   1070 |   3592 |   7 | 1043.0 |
       Dungeon |   7041 |   7038 |      3 |   1070 |   3401 |   6 | 1173.5 |
        Temple |    260 |    260 |      0 |      0 |    191 |   1 |  260.0 |
               +--------+--------+--------+--------+--------+-----+--------+

Top non-repeatable levels by time:
     D:4: 2163 daAuts
     D:1: 1606 daAuts
     D:3: 1229 daAuts
     D:2: 1014 daAuts
     D:5: 961 daAuts
  Temple: 260 daAuts
     D:6: 66 daAuts
